Map: Romanticide LE

Players

PattyMac

  • Race: Protoss Protoss
  • League: Grandmaster
  • Spawn Location: 5:00

Namshar - Winner!

  • Race: Zerg Zerg
  • League: Grandmaster
  • Spawn Location: 11:00

Event: DreamHack SC2 Masters 2020 Winter

VOD

Have the link to the VOD?

Description

Time

  • Played on: Oct. 30, 2020, 5:43 p.m.
  • Length: 12:47

All games in this series

Show
View Real Time Build Order
Export as new Build Order

PattyMac Protoss 

Build Orders: 1 Gate Expand, Oracle Opening, Zealot Archon 

Get SALT Encoding   

  12  0:00  Probe  
  13  0:12  Probe  
  14  0:17  Pylon  
  14  0:24  Probe (Chrono Boost)  
  15  0:36  Probe (Chrono Boost)  
  15  0:38  Gateway  
  16  0:44  Probe (Chrono Boost)  
  16  0:46  Assimilator  
  17  0:51  Probe  
  18  1:03  Probe  
  19  1:15  Probe  
  20  1:23  Nexus  
  20  1:32  Cybernetics Core  
  20  1:35  Probe  
  21  1:42  Assimilator  
  21  1:47  Probe  
  21  1:51  Pylon  
  22  1:59  Probe (Chrono Boost)  
  23  2:06  Adept (Chrono Boost)  
  23  2:11  Probe (Chrono Boost)  
  26  2:17  Stargate, Probe (Chrono Boost)  
  27  2:26  Probe (Chrono Boost)  
  27  2:28  Adept  
  30  2:37  Probe (Chrono Boost)  
  30  2:39  Warp Gate  
  30  2:44  Probe (Chrono Boost)  
  32  2:46  Probe (Chrono Boost)  
  32  2:51  Probe (Chrono Boost)  
  34  2:54  Probe  
  35  2:58  Adept  
  35  3:00  Oracle (Chrono Boost)  
  35  3:03  Probe  
  41  3:06  Probe  
  41  3:11  Pylon  
  42  3:15  Probe  
  42  3:18  Gateway  
  43  3:20  Probe  
  44  3:27  Probe  
  44  3:31  Oracle (Chrono Boost)  
  48  3:36  Pylon  
  48  3:39  Probe  
  48  3:40  Probe  
  50  3:51  Probe  
  50  3:52  Probe  
  50  3:53  Nexus  
  52  4:03  Probe  
  52  4:04  Probe  
  52  4:05  Assimilator  
  52  4:08  Assimilator  
  52  4:09  Pylon  
  54  4:15  Probe  
  54  4:16  Probe  
  56  4:23  Twilight Council  
  56  4:24  Forge  
  56  4:27  Probe  
  56  4:28  Probe  
  58  4:33  Robotics Facility  
  58  4:39  Probe  
  58  4:40  Pylon, Probe  
  60  4:46  Zealot, Sentry  
  60  4:51  Probe  
  60  4:52  Probe  
  66  4:58  Protoss Ground Weapons Level 1 (Chrono Boost)  
  66  4:59  Charge  
  66  5:05  Probe (Chrono Boost)  
  69  5:08  Probe (Chrono Boost)  
  69  5:10  Probe (Chrono Boost)  
  70  5:15  Probe (Chrono Boost)  
  70  5:17  Assimilator  
  70  5:18  Probe x2 (Chrono Boost)  
  70  5:20  Probe (Chrono Boost)  
  72  5:22  Assimilator  
  72  5:24  Observer (Chrono Boost)  
  72  5:25  Stalker  
  72  5:26  Sentry  
  72  5:28  Probe x2  
  79  5:32  Probe  
  81  5:37  Gateway x2  
  81  5:40  Probe x2  
  83  5:44  Probe, Immortal (Chrono Boost)  
  88  5:52  Probe  
  88  5:53  Probe  
  88  5:54  Templar Archives  
  88  5:56  Probe  
  91  5:57  Gateway  
  91  6:01  Gateway  
  91  6:02  Gateway  
  91  6:04  Zealot  
  93  6:05  Gateway  
  93  6:07  Pylon  
  93  6:12  Pylon  
  93  6:14  Shield Battery  
  93  6:25  Probe, Immortal (Chrono Boost)  
  98  6:26  Pylon  
  98  6:29  Pylon  
  98  6:30  High Templar x2  
  98  6:32  Pylon  
  102  6:33  High Templar x2, Pylon  
  102  6:37  Archon  
  102  6:38  Archon  
  102  6:39  Shield Battery  
  106  6:44  Probe  
  106  6:45  Shield Battery  
  107  6:52  Immortal (Chrono Boost)  
  107  6:53  High Templar  
  113  7:01  High Templar x2  
  117  7:06  Pylon  
  117  7:10  Psionic Storm  
  117  7:18  Probe x2  
  117  7:21  Probe  
  120  7:27  Nexus  
  120  7:29  Pylon, Shield Battery  
  122  7:30  Shield Battery, Probe x2  
  122  7:34  Shield Battery  
  122  7:36  Protoss Ground Weapons Level 2 (Chrono Boost)  
  124  7:37  Stalker x2  
  124  7:38  Stalker x3  
  133  7:46  Phoenix (Chrono Boost)  
  133  7:49  Stalker  
  133  7:51  Probe x2  
  134  7:53  Photon Cannon  
  134  7:54  Photon Cannon  
  134  7:56  Shield Battery  
  134  7:58  Stalker x2  
  132  8:07  Phoenix (Chrono Boost)  
  132  8:08  High Templar  
  136  8:14  Zealot x4  
  136  8:18  Photon Cannon  
  144  8:22  Photon Cannon  
  143  8:42  Stargate  
  141  8:55  Blink (Chrono Boost)  
  141  8:59  Stargate  
  141  9:04  Pylon  
  141  9:13  Nexus  
  141  9:16  Pylon  
  138  9:19  Pylon  
  138  9:22  Probe x3  
  124  9:28  Phoenix (Chrono Boost)  
  126  9:34  Probe x3  
  126  9:37  High Templar x4  
  132  9:38  Zealot x4  
  132  9:42  Archon x2  
  132  9:45  Phoenix (Chrono Boost)  
  140  9:46  Probe x3  
  140  9:50  Photon Cannon, Phoenix (Chrono Boost)  
  141  9:58  Probe x3  
  140  10:00  Phoenix (Chrono Boost)  
  134  10:08  Phoenix (Chrono Boost)  
  134  10:09  Shield Battery  
  134  10:10  Probe x2  
  109  10:15  Probe  
  110  10:22  Probe (Chrono Boost)  
  110  10:23  Phoenix (Chrono Boost)  
  110  10:25  Probe (Chrono Boost)  
  115  10:33  Probe (Chrono Boost)  
  115  10:34  Probe (Chrono Boost)  
  112  10:39  Probe (Chrono Boost)  
  112  10:41  Probe x2 (Chrono Boost)  
  112  10:43  Probe (Chrono Boost)  
  116  10:51  Probe (Chrono Boost)  
  116  10:52  Probe (Chrono Boost)  
  116  10:53  Probe (Chrono Boost)  
  116  10:54  Probe (Chrono Boost)  
  116  10:56  Probe (Chrono Boost)  
  117  10:58  Probe (Chrono Boost)  
  117  10:59  Probe (Chrono Boost)  
  117  11:00  Shield Battery  
  117  11:01  Probe  
  121  11:05  Probe  
  121  11:09  Probe  
  107  11:15  High Templar x5  
  107  11:18  Zealot x2  
  113  11:20  Probe  
  113  11:21  Probe  
  113  11:28  Probe  
  117  11:34  Immortal (Chrono Boost)  
  118  11:45  Probe x2  
  118  11:46  Probe  
  119  11:47  Probe  
  116  11:56  High Templar x2  
  116  11:57  Probe x2  
  116  11:58  Zealot x2  
  126  12:02  Archon  
  126  12:06  High Templar x2  
  130  12:10  Archon  
  130  12:20  Probe x3  
  130  12:21  Assimilator  
  129  12:24  Probe  
  129  12:25  Assimilator  
  129  12:26  Photon Cannon  
  129  12:28  Photon Cannon  
  130  12:30  Photon Cannon  
Show
View Real Time Build Order
Export as new Build Order

Namshar Zerg - Winner!

Build Orders: Hatch First, Muta Ling Bane 

Get SALT Encoding   

  12  0:00  Drone  
  13  0:12  Overlord  
  13  0:17  Drone  
  14  0:30  Drone x2  
  16  0:47  Hatchery  
  15  0:51  Drone  
  15  0:54  Drone  
  18  0:57  Drone  
  18  1:08  Extractor  
  17  1:12  Spawning Pool  
  17  1:15  Drone  
  17  1:19  Drone  
  18  1:27  Drone  
  19  1:39  Drone  
  20  1:48  Overlord  
  20  1:59  Queen x2, Zergling x2  
  20  2:00  Zergling x2  
  26  2:10  Drone  
  26  2:11  Drone, Metabolic Boost  
  28  2:22  Drone  
  29  2:23  Drone  
  30  2:34  Drone x2  
  32  2:38  Hatchery  
  32  2:44  Overlord  
  31  2:47  Drone  
  32  2:51  Queen  
  32  2:55  Drone  
  32  2:58  Overlord  
  35  3:06  Drone x3  
  35  3:09  Drone x2  
  35  3:11  Drone  
  41  3:13  Drone  
  41  3:17  Overlord  
  42  3:23  Spore Crawler  
  42  3:25  Drone, Spore Crawler  
  41  3:30  Queen  
  42  3:36  Zergling x2  
  42  3:37  Zergling x2  
  42  3:38  Zergling x2  
  45  3:41  Drone x2  
  45  3:44  Drone  
  45  3:48  Drone x2  
  50  3:52  Spore Crawler  
  50  3:54  Drone x3  
  53  4:02  Zergling x2  
  53  4:03  Drone x4  
  53  4:06  Drone  
  53  4:08  Queen  
  60  4:13  Overlord  
  60  4:14  Drone x2  
  62  4:18  Roach Warren  
  61  4:24  Drone  
  61  4:25  Drone x3  
  61  4:29  Extractor  
  61  4:30  Extractor  
  62  4:31  Overlord  
  62  4:32  Lair  
  62  4:35  Drone x2  
  64  4:40  Overlord  
  64  4:43  Drone x3  
  64  4:44  Extractor  
  66  4:52  Drone x7  
  73  4:56  Overlord  
  73  5:00  Overlord  
  73  5:04  Evolution Chamber, Pneumatized Carapace  
  72  5:09  Roach x2  
  72  5:10  Roach x2  
  80  5:16  Roach  
  80  5:17  Overlord  
  80  5:19  Drone x3  
  85  5:23  Drone x3  
  85  5:25  Extractor  
  85  5:26  Extractor  
  86  5:29  Drone  
  86  5:30  Drone x2  
  86  5:32  Overseer  
  89  5:37  Zerg Missile Weapons Level 1  
  89  5:40  Drone x3, Hatchery  
  89  5:42  Glial Reconstitution  
  91  5:52  Drone  
  91  5:55  Drone x2, Overlord  
  91  5:56  Overlord  
  94  6:03  Roach x4  
  102  6:09  Evolution Chamber, Baneling Nest  
  102  6:10  Drone  
  101  6:12  Spire  
  100  6:19  Roach x5  
  100  6:23  Drone  
  100  6:24  Drone x5, Extractor  
  115  6:32  Overlord  
  115  6:33  Overlord  
  115  6:36  Zerg Melee Weapons Level 1  
  115  6:39  Overlord  
  115  6:40  Overlord  
  115  6:43  Drone x2  
  115  6:45  Roach x4  
  115  6:46  Roach  
  127  6:48  Extractor  
  127  6:49  Overlord  
  127  6:50  Overlord  
  126  6:57  Queen  
  128  7:05  Overlord x2  
  128  7:14  Drone x2  
  128  7:15  Drone x2  
  132  7:23  Mutalisk x10  
  152  7:37  Zerg Flyer Weapons Level 1  
  152  7:38  Drone  
  152  7:39  Hydralisk Den  
  152  7:50  Mutalisk x5  
  156  7:59  Mutalisk x2  
  156  8:03  Hatchery  
  159  8:07  Zergling x30  
  159  8:11  Zerg Missile Weapons Level 2  
  174  8:16  Grooved Spines  
  174  8:33  Mutalisk x3  
  178  8:36  Centrifical Hooks  
  168  8:58  Zerg Melee Weapons Level 2  
  168  9:00  Zergling x30  
  181  9:10  Mutalisk x6  
  190  9:23  Mutalisk x2  
  185  9:27  Muscular Augments  
  185  9:33  Baneling  
  185  9:34  Baneling x11, Extractor x2  
  182  9:42  Zerg Flyer Weapons Level 2  
  181  9:47  Baneling x4  
  181  9:49  Zergling x38  
  187  10:03  Mutalisk x3  
  191  10:12  Hydralisk  
  191  10:13  Hydralisk x4  
  189  10:16  Baneling x3  
  189  10:20  Drone x8  
  198  10:21  Drone x2  
  198  10:24  Baneling x7  
  199  10:35  Hydralisk  
  197  10:38  Hydralisk  
  197  10:39  Hydralisk x4  
  199  10:43  Baneling  
  199  10:44  Baneling x7  
  199  10:49  Baneling x6  
  198  10:58  Hydralisk  
  198  11:07  Hydralisk x5  
  180  11:14  Hydralisk x2  
  180  11:15  Hydralisk x6  
  180  11:17  Zergling x2, Hydralisk  
  180  11:18  Zergling x22  
  191  11:20  Zergling x2, Hydralisk  
  191  11:21  Zergling x6  
  187  11:28  Hydralisk  
  187  11:29  Zergling x4  
  187  11:34  Zergling x6  
  190  11:41  Baneling x9  
  186  11:52  Baneling x16  
  186  11:54  Zergling x26  
  185  12:05  Baneling x4  
  185  12:06  Overseer  
  185  12:09  Hydralisk x3  
  185  12:10  Zergling x10  
  193  12:18  Hatchery  
  193  12:21  Zergling x16, Hydralisk  
  193  12:22  Zergling x2  
  199  12:29  Drone, Infestation Pit  
Tags
 
Add a new tag
Caveats
  • Supply blocks, unpowered buildings, or Contaminate may cause inaccurate times.
  • Supply counts are checked every 10 seconds.